 Dungeon Crawl Stone Soup version 0.24.0-1-gfbc8707122 (webtiles) character file.

Game seed: 5184677093505554708, levelgen mode: deterministic

93 Mrkan the Skirmisher (level 4, 0/40 HPs)
             Began as a Draconian Fighter on Oct 25, 2019.
             Slain by a worm (9 damage)
             ... on level 3 of the Dungeon.
             The game lasted 00:02:35 (1316 turns).

Mrkan the Skirmisher (Draconian Fighter)            Turns: 1316, Time: 00:02:35

Health: 0/40       AC:  6    Str: 19    XL:     4   Next: 37%
Magic:  4/4        EV: 10    Int:  9    God:
Gold:   120        SH:  9    Dex: 10    Spells: 3/3 levels left

rFire    . . .     SeeInvis .   a - +0 long sword
rCold    . . .     Gourm    .   b - +0 shield
rNeg     . . .     Faith    .   (armour unavailable)
rPois    .         Spirit   .   (helmet restricted)
rElec    .         Reflect  .   (no cloak)
rCorr    .         Harm     .   k - +0 pair of gloves
MR       .....                  (no boots)
Stlth    +.........             (no amulet)
HPRegen  0.13/turn              (no ring)
MPRegen  0.09/turn              (no ring)

@: no status effects
A: unfitting armour, cold-blooded, AC +5
a: no special abilities


You were on level 3 of the Dungeon.
You were hungry.

You visited 1 branch of the dungeon, and saw 3 of its levels.

You collected 120 gold pieces.

Inventory:

Hand Weapons
 a - a +0 long sword (weapon)
 f - a +2 spear of freezing
 r - a +0 spear of venom
Armour
 b - a +0 shield (worn)
 k - a +0 pair of gloves (worn)
Jewellery
 n - an uncursed ring of wizardry {unknown}
 p - an uncursed ring of fire {unknown}
Scrolls
 e - a scroll of magic mapping {unknown}
 g - a scroll of enchant weapon {unknown}
 i - a scroll of enchant armour {unknown}
 j - a scroll of immolation {unknown}
 m - 2 scrolls of identify {unknown}
 q - a scroll of remove curse {unknown}
 s - a scroll of teleportation {unknown}
Potions
 c - a potion of might
 h - 2 potions of degeneration {unknown}
 l - a potion of magic {unknown}
Comestibles
 d - 3 rations
 o - 4 chunks of flesh


   Skills:
 + Level 4.0 Fighting
 * Level 3.5 Long Blades
 - Level 2.6 Dodging
 + Level 3.6 Shields


You had 3 spell levels left.
You didn't know any spells.
Your spell library was empty.

Dungeon Overview and Level Annotations

Branches:
Dungeon (3/15)

Altars:


Innate Abilities, Weirdness & Mutations

Your plain brown scales are hard. (AC +5)
You cannot fit into any form of body armour.
You are cold-blooded and may be slowed by cold attacks.


Message History

You are feeling hungry.
You hit the orc wizard.
You kill the orc wizard!
Your Fighting skill increases to level 4!
You have reached level 4!
You feel stronger.
You hit the orc.
The orc is heavily wounded.
You block the orc's attack.
You slash the orc!
You kill the orc!
You hit the worm.
The worm is moderately wounded.
You hit the worm but do no damage.
The worm is moderately wounded.
The worm bites you but does no damage.
You hit the worm. You tail-slap the worm.
The worm is severely wounded.
The worm bites you!
You die...

# ###.##..##....♣.♣....#
# ...(.........♣._.♣...
######..#..##....♣.♣..#.#
...# #..#.........♣o.....
...###............o....w.
...........#...#.#.......
.....#..##.#...#)########
#....#..##.#...#w#
.............#.#@#
######..................
#..#..#.#.##......#
#..#..#.#.# .####.#
#..#..#.# .. # ..# ...
....


You could see a worm.

Vanquished Creatures
  An orc wizard (D:3)
  2 adders (D:2)
  An ooze (D:1)
  A dart slug (D:3)
  2 leopard geckos (D:2)
  2 orcs (D:3)
  A ball python (D:1)
  4 bats
  2 giant cockroaches (D:2)
  2 goblins
  7 hobgoblins
  4 kobolds
  3 frilled lizards
  3 rats
35 creatures vanquished.

Notes
Turn   | Place    | Note
-------+----------+-------------------------------------------
     0 | D:1      | Mrkan the Draconian Fighter began the quest for the Orb.
     0 | D:1      | Reached XP level 1. HP: 19/19 MP: 1/1
    29 | D:1      | You fall into a shaft and drop 1 floor!
   131 | D:2      | Reached XP level 2. HP: 12/26 MP: 2/2
   403 | D:1      | Reached XP level 3. HP: 32/33 MP: 3/3
  1267 | D:3      | Found a faded altar of an unknown god.
  1309 | D:3      | Reached skill level 4 in Fighting
  1309 | D:3      | Reached XP level 4. HP: 8/40 MP: 4/4
  1316 | D:3      | Slain by a worm

Levels and vault maps discovered:
D:1:      lightli_arrival_chessboard, layout_rooms
D:2:      layout_loops_ring, chequers_serial_rivers_small_3
D:3:      layout_basic, chequers_ecumenical_altar_simple_redux

Skill      XL: |  1  2  3 |
---------------+----------+-----
Long Blades    | 3 |  3.5
Fighting       | 4 |  4.0
Dodging        | |  2.6
Shields        | |  3.6

Action                   |  1- 3 |  4- 6 || total
-------------------------+-------+-------++-------
Melee: Long sword        |   105 |     5 ||   110
       Tailslap          |     8 |     1 ||     9
 Stab: Sleeping          |     1 |       ||     1
  Eat: Chunk             |     1 |       ||     1
Armor: Skin              |    44 |     1 ||    45
Dodge: Dodged            |    44 |       ||    44
Block: Shield            |    62 |     1 ||    63
       Rpst.: Long sword |    12 |       ||    12
